 Dungeon Crawl Stone Soup version 0.19.5 (webtiles) character file.

37 NullDivider the Ducker (level 3, -26/17 HPs)
             Began as a Felid Monk on Apr 20, 2017.
             Killed from afar by a goblin (34 damage)
             ... with an exploding inner flame
             ... led by Robin
             ... hexed by the player character
             ... on level 2 of the Dungeon.
             The game lasted 00:12:08 (1124 turns).

NullDivider the Ducker (Felid Monk)                 Turns: 1124, Time: 00:12:23

Health: -26/17     AC:  1    Str:  7    XL:     3   Next: 23%
Magic:  4/4        EV: 21    Int: 15    God:
Gold:   66         SH:  0    Dex: 19    Spells: 0 memorised, 2 levels left
                                        Lives:  0   Deaths: 0

rFire  . . .     SeeInvis +       - Unarmed
rCold  . . .     Gourm    .     (armour unavailable)
rNeg   . . .     Faith    .     (shield unavailable)
rPois  .         Spirit   .     (helmet unavailable)
rElec  .         Reflect  .     (cloak unavailable)
rCorr  .         Harm     .     (gloves unavailable)
MR     .....                    (boots unavailable)
Stlth  +++.......               f - amulet of regeneration
                                (no ring)
                                (no ring)

@: quick
A: no armour, no weapons or thrown items, stealth, claws 1, fangs 3, see
invisible, carnivore 3, clever 2, deterioration 1, speed 1, shaggy fur 1, slow
metabolism 1, sharp paws
a: no special abilities


You were on level 2 of the Dungeon.
You were very full.

You visited 1 branch of the dungeon, and saw 2 of its levels.

You collected 66 gold pieces.

Inventory:

Jewellery
 f - an amulet of regeneration (around neck)
Potions
 d - a potion of cure mutation {unknown}
 e - a potion of berserk rage {unknown}
 h - a potion of mutation
 i - a potion of haste {unknown}
Comestibles
 a - 2 meat rations


   Skills:
 + Level 3.3 Fighting
 * Level 4.9 Dodging
 + Level 3.2 Stealth
 + Level 3.2 Unarmed Combat


You had 2 spell levels left.
You didn't know any spells.

Dungeon Overview and Level Annotations

Branches:
Dungeon (2/15)

Altars:

Annotations:
D:2 Robin


Innate Abilities, Weirdness & Mutations

You cannot wear armour.
You are incapable of wielding weapons or throwing items.
Your paws allow you to move quietly. (Stealth)
You have sharp claws.
You have razor-sharp teeth.
You have supernaturally acute eyesight. (SInv)
You are carnivorous and can eat meat at any time.
You cover ground quickly.
You are covered in fur. (AC +1)
You have a slow metabolism.
Your sharp claws are effective at attacking unaware monsters.
Your mind is very acute. (Int +4)
Your body sometimes deteriorates upon taking damage.


Message History

The goblin completely misses you.
A goblin comes into view. It is wielding a dagger.
As you read the scroll labeled EKLUTEIJIUN, it crumbles to dust.
You feel blessed for a moment.
It was a scroll of remove curse.
The goblin completely misses you. Robin closely misses you.
As you read the scroll labeled VAHOESHECHE, it crumbles to dust.
The creatures around you are filled with an inner flame!
It was a scroll of immolation.
The goblin barely misses you. Robin hits you with a spear.
A goblin comes into view.
You closely miss the goblin. The goblin barely misses you.
You scratch the goblin but do no damage.
The goblin barely misses you. Robin misses you.
You claw the goblin!
The goblin explodes!
The fiery explosion engulfs the goblin.
The goblin explodes!
The fiery explosion engulfs you!
Ouch! That really hurt!
You die...

#.[.# .b..
#####...#####.)..
.................
...........!.....
[.............#
##.#...#.##### #.
#...#§# .. ...
#...#§# .# ....
#..g#@##.##.#.#
#.#..<#g#........
#.....gg#........
####...g)......#.
#......##).......
....###.##........
##.. ...###g#.#.#
#. ....


ggg.. #. ..#..# .##.. You could see Robin (inner flame) and 3 goblins.

Vanquished Creatures
  An adder (D:2)
  A worm (D:1)
  3 leopard geckos (D:1)
  A giant cockroach (D:1)
  5 goblins
  A hobgoblin (D:1)
  2 bats (D:1)
  4 kobolds (D:1)
  6 rats (D:1)
24 creatures vanquished.

Notes
Turn   | Place    | Note
-------+----------+-------------------------------------------
     0 | D:1      | NullDivider the Felid Monk began the quest for the Orb.
     0 | D:1      | Reached XP level 1. HP: 10/10 MP: 2/2
     6 | D:1      | Noticed a hog
     6 | D:1      | Noticed a salamander
     6 | D:1      | Noticed a swamp worm
     6 | D:1      | Noticed a redback
     6 | D:1      | Noticed a black bear
   139 | D:1      | Reached XP level 2. HP: 14/14 MP: 3/3
  1076 | D:2      | Reached XP level 3. HP: 17/17 MP: 4/4
  1097 | D:2      | Noticed Robin
  1119 | D:2      | Gained mutation: Your mind is acute. (Int +2) [potion of mutation]
  1119 | D:2      | Gained mutation: Your body sometimes deteriorates upon taking damage. [potion of mutation]
  1119 | D:2      | Gained mutation: Your mind is very acute. (Int +4) [potion of mutation]
  1124 | D:2      | Killed from afar by a goblin

Skill      XL: |  1 |
---------------+----+-----
Stealth        | 3 |  3.2
Fighting       | |  3.3
Dodging        | |  4.9
Unarmed Combat | |  3.2

Action                   || total
-------------------------++-------
Melee: Unarmed           ||    66
       Bite              ||     4
  Use: Scroll            ||     2
       Potion            ||     1
 Stab: Sleeping          ||     5
  Eat: Chunk             ||     7
Armor: Skin              ||     2
Dodge: Dodged            ||    54
